 Dungeon Crawl Stone Soup version 0.17-b1-15-g0f5fb43 (webtiles) character file.

57176 Eucla the Fighter (level 14, -1/96 HPs)
             Began as a Gargoyle Monk on Nov 7, 2015.
             Was the Champion of Okawaru.
             Slain by a ten-headed hydra (4 damage)
             ... on level 8 of the Lair of Beasts.
             The game lasted 00:38:26 (16217 turns).

Eucla the Fighter (Gargoyle Monk)                  Turns: 16217, Time: 00:38:27

Health: -1/96      AC: 34    Str: 12    XL:     14   Next: 85%
Magic:  0/4        EV: 12    Int: 12    God:    Okawaru [******]
Gold:   1040       SH:  0    Dex: 22    Spells: 0 memorised, 13 levels left

rFire  . . .     SeeInvis .     w - +8 Wrath of Trog {antimagic, *Rage}
rCold  + + .     Rnd*Rage +     S - +0 plate armour "Xaodgh" {*Drain MR+ Slay+2}
rNeg   + . .     SustAt   .     (shield currently unavailable)
rPois  ∞         Gourm    .     e - +2 hat
rElec  +         Spirit   +     B - +0 cloak
rCorr  .         Warding  .     J - +2 pair of gloves {archery}
rMut   .         Stasis   .     L - +0 pair of boots of the Many Demons {rC++ Str-5 Dex+4 Slay+3}
MR     ++...                    k - amulet of guardian spirit
Stlth  ..........               E - +4 ring of dexterity
                                H - +2 ring of evasion

@: exhausted, very slightly contaminated, slowed, invisible, very slow, very
resistant to hostile enchantments, extremely unstealthy
A: big wings, negative energy resistance 1, electricity resistance, unbreathing,
petrification resistance, rot immunity, AC +9
a: Fly, Heroism, Finesse, Renounce Religion


You were on level 8 of the Lair of Beasts.
You worshipped Okawaru.
Okawaru was exalted by your worship.
You were very hungry.

You visited 2 branches of the dungeon, and saw 16 of its levels.

You collected 1040 gold pieces.

Inventory:

Hand Weapons
 c - a +1 battleaxe of electrocution
 m - the +8 glaive of Feihiat {holy, SInv}
   (Okawaru gifted it to you on level 3 of the Lair of Beasts)

   It has been blessed by the Shining One to cause great damage to the undead
   and demons.
   It lets you see invisible.
 p - the +7 dire flail of the End {holy, rElec rPois MR++ Str-2}
   (Okawaru gifted it to you on level 7 of the Lair of Beasts)

   It has been blessed by the Shining One to cause great damage to the undead
   and demons.
   It affects your strength (-2).
   It insulates you from electricity.
   It protects you from poison.
   It affects your resistance to hostile enchantments.
 s - a +3 dire flail of protection
 w - the +8 Wrath of Trog (weapon) {antimagic, *Rage}
   (You found it on level 4 of the Dungeon)

   It disrupts the flow of magical energy around spellcasters and certain
   magical creatures (including the wielder).
   It may make you go berserk in combat.
 M - a +3 mace of holy wrath
Armour
 e - a +2 hat (worn)
 B - a +0 cloak (worn)
 J - a +2 pair of gloves of archery (worn)
 L - the +0 pair of boots of the Many Demons (worn) {rC++ Str-5 Dex+4 Slay+3}
   (Okawaru gifted it to you on level 8 of the Dungeon)

   It affects your strength (-5).
   It affects your dexterity (+4).
   It affects your accuracy and damage with ranged weapons and melee attacks
   (+3).
   It greatly protects you from cold.
 S - the +0 plate armour "Xaodgh" (worn) {*Drain MR+ Slay+2}
   (You found it on level 1 of the Lair of Beasts)

   It affects your accuracy and damage with ranged weapons and melee attacks
   (+2).
   It affects your resistance to hostile enchantments.
   It causes draining when unequipped.
Rods
 D - a -2 iron rod (14/14)
   (You found it on level 4 of the Lair of Beasts)
Jewellery
 g - a +1 ring of slaying
 i - a cursed ring of loudness {unknown}
 k - an amulet of guardian spirit (around neck)
 n - a +3 ring of strength {unknown}
 E - a +4 ring of dexterity (right hand)
 H - a +2 ring of evasion (left hand)
 Z - an uncursed ring of see invisible
Wands
 a - a wand of paralysis (13)
 A - a wand of disintegration (16)
 K - a wand of draining (2)
 N - a wand of digging (4)
 W - a wand of lightning (4)
 Y - a wand of cold (0)
Scrolls
 h - 3 scrolls of blinking
 j - 2 scrolls of magic mapping
 l - 3 scrolls of fear
 o - 5 scrolls of teleportation
 q - 4 scrolls of enchant armour
 y - 3 scrolls of remove curse
Potions
 d - 7 potions of curing
 f - 2 potions of haste
 r - a potion of cancellation
 t - a potion of magic
 u - 5 potions of brilliance
 C - 2 potions of resistance
 F - a potion of cure mutation
 R - a potion of flight
 V - 3 potions of might
 X - a potion of agility {unknown}
Comestibles
 v - 6 meat rations
 x - 7 bread rations
 z - 7 fruits
 I - 2 royal jellies


   Skills:
 + Level 14.3 Fighting
 - Level 10.2(10.4) Axes
 - Level 3.1(7.8) Maces & Flails
 + Level 14.1 Armour
 + Level 11.5 Dodging
 - Level 2.1 Stealth
 - Level 4.0 Unarmed Combat


You had 13 spell levels left.
You didn't know any spells.

Dungeon Overview and Level Annotations

Branches:
Dungeon (8/15)             Temple (0/1) D:5            Lair (8/8) D:8
 Shoals (0/4) Lair:3       Spider (0/4) Lair:5        Slime (0/6) Lair:6

Altars:
Dithmenos
Kikubaaqudgha
Okawaru
Ru
Trog
Zin
The Shining One

Shops:
D:3 *


Innate Abilities, Weirdness & Mutations

You are resistant to torment.
Your stone body is resilient (AC +9).
You are immune to poison.
Your large and strong wings let you fly indefinitely.
You resist negative energy.
You are resistant to electric shocks.
You can survive without breathing.
You are immune to petrification.
You are immune to rotting.


Message History

* * * LOW HITPOINT WARNING * * *
The ten-headed hydra misses you.
Unknown command.
Unknown command.
You feel a strong urge to attack something.
You feel your anger subside.
You are no longer berserk.
You are exhausted.
You feel yourself slow down.
You are feeling very hungry.
Found 2 potions of poison and a large moonstone ring.
Found a club and a stone of tremors.
Unknown command.
The ten-headed hydra bites you!
* * * LOW HITPOINT WARNING * * *
The ten-headed hydra bites you but does no damage. x5
The ten-headed hydra barely misses you.
The ten-headed hydra completely misses you.
The ten-headed hydra bites you.
You die...

#...........÷ ###.P.##
##........# .8...###..##
#†#.....## ....8.###..##
#÷##...#####..÷..###.P.#
#.P##...##..8..8.}###..#
#...#.÷....8÷...=)# #..##
#..P##.8.......)!# #...#
#.P..#...8.÷8./$# ##.P.#
##...###...D@?}# #....##
#.....#####$### ##.....##
##♣.......########.....P.###
#P......P...##..P.........
###....................P..
##..P....####.P..♣......
##....### ##.......P..
###### ###....P...
#.##....P..


You could see a ten-headed hydra.

Vanquished Creatures
  Josephine (Lair:5)
  The ghost of tetracat the Martial Artist, a journeyman OpMo of Gozag (Lair:7)
  4 hydras
  A catoblepas (Lair:8)
  Erica (D:8)
  11 death yaks
  A deep troll shaman (Lair:8)
  A griffon (Lair:8)
  20 elephants
  Maurice (D:8)
  A siren (Lair:3)
  8 black mambas
  8 spiny frogs
  9 komodo dragons
  3 fire drakes
  The ghost of Eucla the Chopper, an amateur MiFi of Okawaru (D:5)
  4 polar bears
  2 spriggans (Lair:6)
  34 blink frogs
  41 yaks
  7 hippogriffs
  A deep elf fighter (D:8)
  A steam dragon (Lair:3)
  5 wraiths (Lair:5)
  3 basilisks
  24 wolves
  12 water moccasins
  12 porcupines
  A wasp (D:8)
  3 black bears
  2 ice beasts
  2 sky beasts
  8 centaurs
  16 crocodiles
  2 phantoms
  17 giant frogs
  A wyvern skeleton (D:8)
  4 scorpions
  5 wights (D:6)
  10 killer bees (D:8)
  3 electric eels
  11 jellies
  4 crimson imps
  7 hounds
  2 giant frog skeletons
  3 orc priests
  A quasit (D:8)
  8 iguanas
  7 worker ants
  8 orc wizards
  7 hell rats (Lair:5)
  18 sheep
  A hound skeleton (D:6)
  2 worker ant zombies
  11 adders
  5 gnolls
  77 river rats
  A shadow imp (D:7)
  6 oozes
  An adder skeleton (D:4)
  3 giant geckos
  20 orcs
  3 ball pythons
  A giant cockroach (D:1)
  6 hobgoblins
  13 jackals
  7 kobolds
  7 quokkas
  17 bats
  6 giant newts
  7 goblins
  A jackal skeleton (D:5)
  18 rats
  7 fungi
  6 plants (Lair:8)
594 creatures vanquished.

Vanquished Creatures (others)
  A river rat (Lair:6)
  A bush (Lair:8)
  29 fungi
  22 plants
53 creatures vanquished.

Grand Total: 647 creatures vanquished

Notes
Turn   | Place    | Note
--------------------------------------------------------------
     0 | D:1      | Eucla the Gargoyle Monk began the quest for the Orb.
     0 | D:1      | Reached XP level 1. HP: 14/14 MP: 1/1
   317 | D:1      | Reached XP level 2. HP: 19/19 MP: 2/2
   721 | D:1      | Reached skill level 1 in Maces & Flails
   721 | D:1      | Reached skill level 1 in Armour
   721 | D:1      | Reached XP level 3. HP: 21/23 MP: 3/3
  1050 | D:2      | Found an iron altar of Okawaru.
  1064 | D:2      | Became a worshipper of Warmaster Okawaru
  1064 | D:2      | Reached * piety under Okawaru
  1064 | D:2      | Reached ** piety under Okawaru
  1202 | D:2      | Reached XP level 4. HP: 22/29 MP: 2/4
  1487 | D:2      | Reached XP level 5. HP: 20/33 MP: 3/5
  1926 | D:3      | Found a faded altar to an unknown god.
  2000 | D:3      | Found Zin's Purification Station.
  2000 | D:3      | Found a glowing silver altar of Zin.
  2405 | D:4      | Reached XP level 6. HP: 28/39 MP: 4/6
  2722 | D:4      | Reached skill level 5 in Fighting
  2964 | D:4      | Found a glowing golden altar of the Shining One.
  3149 | D:5      | Entered Level 5 of the Dungeon
  3196 | D:5      | Reached XP level 7. HP: 31/44 MP: 1/7
  3200 | D:5      | Found a staircase to the Ecumenical Temple.
  3230 | D:5      | Reached skill level 1 in Axes
  3326 | D:5      | Reached *** piety under Okawaru
  3361 | D:5      | Found a sacrificial altar of Ru.
  3431 | D:5      | You fall through a shaft for 2 floors!
  3511 | D:7      | Reached XP level 8. HP: 21/51 MP: 0/8
  3591 | D:7      | Reached skill level 6 in Fighting
  3819 | D:7      | Reached skill level 5 in Armour
  3964 | D:7      | Reached skill level 5 in Dodging
  4506 | D:6      | Reached **** piety under Okawaru
  4506 | D:6      | Reached XP level 9. HP: 48/56 MP: 9/9
  4531 | D:6      | Reached skill level 7 in Fighting
  5081 | D:5      | Noticed Eucla's ghost (amateur MiFi)
  5101 | D:5      | Killed Eucla's ghost
  5670 | D:8      | Reached ***** piety under Okawaru
  5675 | D:8      | Reached skill level 8 in Fighting
  5676 | D:8      | Reached skill level 5 in Axes
  5795 | D:8      | Received a gift from Okawaru
  5818 | D:8      | Got a pair of warped boots {god gift}
  5836 | D:8      | Identified the +0 pair of boots of the Many Demons {rC++ Str-5 Dex+4 Slay+3} (Okawaru gifted it to you on level 8 of the Dungeon)
  6152 | D:8      | Reached XP level 10. HP: 64/64 MP: 3/10
  6256 | D:8      | Noticed Maurice
  6273 | D:8      | Killed Maurice
  6575 | D:8      | Found a shadowy altar of Dithmenos.
  6575 | D:8      | Noticed Erica
  6607 | D:8      | Killed Erica
  6607 | D:8      | Reached skill level 9 in Fighting
  6643 | D:8      | Found a staircase to the Lair.
  6973 | Lair:1   | Entered Level 1 of the Lair of Beasts
  7002 | Lair:1   | Got a twisted plate armour
  7013 | Lair:1   | Identified the cursed +0 plate armour "Xaodgh" {*Drain MR+ Slay+2} (You found it on level 1 of the Lair of Beasts)
  7524 | Lair:1   | Found a glowing silver altar of Zin.
  7542 | Lair:1   | Reached XP level 11. HP: 66/71 MP: 8/11
  8139 | Lair:2   | Found an ancient bone altar of Kikubaaqudgha.
  8345 | Lair:2   | Reached skill level 10 in Fighting
  8628 | Lair:2   | Noticed an eight-headed hydra
  8661 | Lair:2   | Killed an eight-headed hydra
  9275 | Lair:3   | Reached skill level 10 in Armour
  9462 | Lair:3   | Found a bloodstained altar of Trog.
  9508 | Lair:3   | Found a staircase to the Shoals.
  9643 | Lair:3   | Received a gift from Okawaru
  9646 | Lair:3   | Got a transparent glaive {god gift}
  9647 | Lair:3   | Identified the +8 glaive of Feihiat {holy, SInv} (Okawaru gifted it to you on level 3 of the Lair of Beasts)
 10138 | Lair:4   | Reached XP level 12. HP: 59/79 MP: 12/12
 10302 | Lair:4   | Noticed a death yak
 10303 | Lair:4   | Noticed a death yak
 10303 | Lair:4   | Noticed a death yak
 10304 | Lair:4   | Noticed a death yak
 10326 | Lair:4   | Killed a death yak
 10336 | Lair:4   | Killed a death yak
 10336 | Lair:4   | Reached skill level 11 in Fighting
 10342 | Lair:4   | Killed a death yak
 10346 | Lair:4   | Killed a death yak
 10872 | Lair:5   | Noticed a death yak
 10873 | Lair:5   | Noticed a death yak
 10876 | Lair:5   | Reached ****** piety under Okawaru
 10884 | Lair:5   | Killed a death yak
 10884 | Lair:5   | Received a gift from Okawaru
 11132 | Lair:5   | Killed a death yak
 11256 | Lair:5   | Found a hole to the Spider Nest.
 11272 | Lair:5   | Noticed Josephine
 11290 | Lair:5   | Killed Josephine
 11317 | Lair:5   | Reached skill level 12 in Fighting
 11416 | Lair:5   | Reached XP level 13. HP: 86/86 MP: 4/13
 12236 | Lair:6   | Received a gift from Okawaru
 12508 | Lair:6   | Found a staircase to the Slime Pits.
 12577 | Lair:6   | Identified a scroll of acquirement
 12627 | Lair:6   | Reached skill level 10 in Dodging
 13118 | Lair:7   | Reached skill level 10 in Axes
 13469 | Lair:7   | Received a gift from Okawaru
 13620 | Lair:7   | Got an ichor-stained dire flail {god gift}
 13621 | Lair:7   | Identified the +7 dire flail of the End {holy, rElec rPois MR++ Str-2} (Okawaru gifted it to you on level 7 of the Lair of Beasts)
 13863 | Lair:7   | Reached skill level 13 in Fighting
 14131 | Lair:7   | Noticed tetracat's ghost (journeyman OpMo)
 14147 | Lair:7   | Killed tetracat's ghost
 14178 | Lair:7   | Received a gift from Okawaru
 14217 | Lair:7   | Gained mutation: Your large and strong wings let you fly indefinitely. [Gargoyle growth]
 14217 | Lair:7   | Reached XP level 14. HP: 56/94 MP: 9/14
 14705 | Lair:8   | Entered Level 8 of the Lair of Beasts
 15186 | Lair:8   | Received a gift from Okawaru
 15771 | Lair:8   | Reached skill level 14 in Fighting
 16018 | Lair:8   | Received a gift from Okawaru
 16217 | Lair:8   | HP: 3/96 [ten-headed hydra (7)]
 16217 | Lair:8   | Slain by a ten-headed hydra

Action                   |  1- 3 |  4- 6 |  7- 9 | 10-12 | 13-15 || total
-------------------------+-------+-------+-------+-------+-------++-------
Melee: Unarmed           |    17 |       |       |       |       ||    17
       Whip              |   130 |   243 |   376 |   543 |       ||  1292
       Battleaxe         |       |     4 |    93 |    94 |   205 ||   396
       Glaive            |       |       |       |   145 |    89 ||   234
       Mace              |       |       |       |     6 |       ||     6
       Dire flail        |       |       |       |       |   455 ||   455
Invok: Heroism           |       |       |     1 |     3 |     1 ||     5
Evoke: Wand              |       |       |       |       |     4 ||     4
  Use: Potion            |       |       |     2 |     3 |     5 ||    10
       Scroll            |       |       |       |    13 |    17 ||    30
 Stab: Invisible         |       |       |     2 |       |     7 ||     9
       Petrified         |       |       |       |       |     6 ||     6
       Petrifying        |       |       |       |       |     1 ||     1
  Eat: Chunk             |     1 |     2 |    11 |     8 |     3 ||    25
       Bread ration      |       |     1 |       |       |     1 ||     2
       Fruit             |       |       |     1 |     2 |       ||     3
       Meat ration       |       |       |     1 |       |       ||     1
       Beef jerky        |       |       |     1 |     5 |       ||     6
       Pizza             |       |       |       |     3 |       ||     3
       Royal jelly       |       |       |       |     5 |     4 ||     9
